 Dungeon Crawl Stone Soup version 0.22-a0-521-gb1378044ac (webtiles) character file.

50 Foic the Skirmisher (level 3, -11/34 HPs)
             Began as a Minotaur Chaos Knight on June 20, 2018.
             Mangled by a gnoll
             ... wielding a +0 halberd
              (12 damage)
             ... on level 2 of the Dungeon.
             The game lasted 00:03:55 (1378 turns).

Foic the Skirmisher (Minotaur Chaos Knight)         Turns: 1378, Time: 00:03:55

Health: -11/34     AC:  6    Str: 17    XL:     3   Next: 55%
Magic:  2/2        EV: 11    Int:  9    God:    Xom [.*....]
Gold:   45         SH:  0    Dex:  9    Spells: 2/2 levels left

rFire    + . .     SeeInvis .   a - +0 hand axe (chaos)
rCold    x . .     Gourm    .   (no shield)
rNeg     . . .     Faith    .   b - +2 leather armour
rPois    .         Spirit   .   (helmet restricted)
rElec    .         Reflect  .   d - +0 cloak
rCorr    .         Harm     .   (no gloves)
MR       .....                  (no boots)
Stlth    +.........             (no amulet)
HPRegen  0.11/turn              h - ring of fire
MPRegen  0.08/turn              (no ring)

@: no status effects
A: retaliatory headbutt, horns 2
a: Renounce Religion


You were on level 2 of the Dungeon.
You worshipped Xom.
You were a plaything of Xom.
You were not hungry.

You visited 1 branch of the dungeon, and saw 2 of its levels.

You collected 45 gold pieces.

Inventory:

Hand Weapons
 a - a +0 hand axe of chaos (weapon)
Missiles
 i - 29 stones (quivered)
Armour
 b - a +2 leather armour (worn)
 d - a +0 cloak (worn)
Jewellery
 h - a ring of fire (left hand)
Scrolls
 e - 2 scrolls of identify
 g - a scroll of amnesia {unknown}
Potions
 j - a potion of haste {unknown}
Comestibles
 c - 3 rations
 f - 3 chunks of flesh


   Skills:
 + Level 4.5 Fighting
 + Level 4.4 Axes
 * Level 3.0 Armour
 + Level 1.2 Dodging


You had 2 spell levels left.
You didn't know any spells.
Your spell library was empty.

Dungeon Overview and Level Annotations

Branches:
Dungeon (2/15)

Altars:
Xom


Innate Abilities, Weirdness & Mutations

You reflexively headbutt those who attack you in melee.
You have a pair of horns on your head.


Message History

You hear an angry hiss.
The gnoll hits you but does no damage. The gnoll barely misses you.
You barely miss the gnoll.
You kill the gnoll!
Your Armour skill increases to level 3!
The gnoll hits you with a halberd!
* * * LOW HITPOINT WARNING * * *
You see here a spear.
You hit the gnoll but do no damage.
The gnoll is poisoned.
You feel a bit tired.
Your headbutt misses the gnoll. The gnoll hits you with a halberd!
* * * LOW HITPOINT WARNING * * *
You hit the gnoll. Your headbutt misses the gnoll.
The gnoll is heavily wounded.
The gnoll closely misses you.
You closely miss the gnoll.
The gnoll is heavily wounded.
The gnoll hits you with a halberd!
You die...
Xom snickers!

#.#
#.#
#.#
#.#
#.#
#.#
#.#
#.#
#.#
#.#
####.#
#.#
....>#
#.#
######
#.#
#@#
#g#
#g#
#.#
#.#
..#
###


You could see 2 gnolls.

Vanquished Creatures
  A gnoll (D:2)
  An adder (D:2)
  A worm (D:2)
  A dart slug (shapeshifter) (D:2)
  2 leopard geckos (D:1)
  2 ball pythons (D:1)
  3 bats
  A giant cockroach (D:2)
  3 goblins
  4 hobgoblins (D:1)
  A frilled lizard (D:1)
  2 kobolds (D:1)
  2 rats (D:1)
24 creatures vanquished.

Notes
Turn   | Place    | Note
-------+----------+-------------------------------------------
     0 | D:1      | Foic the Minotaur Chaos Knight began the quest for the Orb.
     0 | D:1      | Reached XP level 1. HP: 19/19 MP: 0/0
    76 | D:1      | XOM: harmless Air miscast
   103 | D:1      | XOM: scenery: create altars
   137 | D:1      | Reached XP level 2. HP: 26/27 MP: 1/1
   644 | D:1      | XOM: 4-stop teleportation journey
   741 | D:1      | XOM: blink monster(s)
   854 | D:1      | XOM: divination: detect creatures
   905 | D:1      | XOM: cloud trail
  1294 | D:2      | Reached XP level 3. HP: 33/34 MP: 2/2
  1373 | D:2      | XOM: noise
  1376 | D:2      | HP: 1/34 [gnoll/halberd (8)]
  1378 | D:2      | Mangled by a gnoll

Vault maps used:
D:1:      eino_arrival_water_star

Skill      XL: |  1  2  3 |
---------------+----------+-----
Fighting       | 4 |  4.5
Axes           | 4 |  4.4
Armour         | 3 |  3.0
Dodging        | |  1.2

Action                   || total
-------------------------++-------
Melee: Hand axe          ||    65
       Headbutt          ||    12
  Use: Scroll            ||     1
       Potion            ||     1
  Eat: Chunk             ||     1
Armor: Leather armour    ||    15
Dodge: Dodged            ||    26

Table legend:
 A = Spawn XP
 B = Non-spawn XP
 C = Spawn XP percentage of total XP
 D = Spawn monster count
 E = Non-spawn monster count
 F = Spawn count percentage of total count
 G = Total turns spent on level
                    A         B        C        D         E        F      G
               +---------+---------+-------+---------+---------+-------+---------
         Total |       0 |      72 |   0.0 |       0 |      24 |   0.0 |  1378
               +---------+---------+-------+---------+---------+-------+---------
           D:1 |       0 |      30 |   0.0 |       0 |      17 |   0.0 |  1058
           D:2 |       0 |      42 |   0.0 |       0 |       7 |   0.0 |   320
               +---------+---------+-------+---------+---------+-------+---------
